 Dungeon Crawl Stone Soup version 0.26-a0-466-g989023bd0d (webtiles) character file.

Game seed: 13714863919772494777

87127 hairmachine the Warrior (level 15, -7/143 HPs)
             Began as a Grey Draconian Transmuter on July 28, 2020.
             Was a High Priest of Fedhas.
             Mangled by an anaconda (11 damage)
             ... on level 3 of the Snake Pit on Aug 7, 2020.
             The game lasted 01:51:34 (49034 turns).

hairmachine the Warrior (DrTm)                     Turns: 49034, Time: 01:51:35

Health: -7/143     AC: 17    Str: 22    XL:     15   Next: 42%
Magic:  21/24      EV: 12    Int: 16    God:    Fedhas [*****.]
Gold:   1527       SH:  5    Dex: 12    Spells: 5/26 levels left

rFire    + . .     SeeInvis .     - Unarmed
rCold    + . .     Faith    .   (shield currently unavailable)
rNeg     . . .     Spirit   .   (armour unavailable)
rPois    +         Reflect  +   (helmet restricted)
rElec    .         Harm     .   I - scarf {rC+ rF+}
rCorr    .                      (gloves currently unavailable)
MR       +....                  t - +2 pair of boots
Stlth    ++........             H - amulet of reflection
HPRegen  0.33/turn              b - +6 ring of strength
MPRegen  0.19/turn              y - ring of poison resistance

@: blade hands, constricted
A: walk through water, unfitting armour, unbreathing, cold-blooded, AC +14
a: End Transformation, Wall of Briars, Grow Ballistomycete, Overgrow, Grow
Oklob, Renounce Religion


You were on level 3 of the Snake Pit.
You worshipped Fedhas.
Fedhas was extremely pleased with you.
You had blades for hands.
You visited 5 branches of the dungeon, and saw 24 of its levels.

You collected 2765 gold pieces.
You spent 1238 gold pieces at shops.

Inventory:

Missiles
 f - 703 stones
 h - 22 poisoned darts (quivered)
 k - 4 throwing nets
Armour
 t - a +2 pair of boots (worn)
 I - a scarf of resistance (worn)
 S - a +2 pair of gloves (melded)
Magical Staves
 a - an uncursed staff of summoning
Jewellery
 b - a +6 ring of strength (left scythe-like blade)
 d - an uncursed ring of protection from cold
 s - an uncursed ring of see invisible
 y - a ring of poison resistance (right scythe-like blade)
 H - an amulet of reflection (around neck)
Wands
 r - a wand of paralysis (48)
 u - a wand of flame (39)
 w - a wand of digging (9)
 z - a wand of polymorph (5)
 A - a wand of disintegration (7)
 D - a wand of random effects (45)
 N - a wand of acid (14)
 O - a wand of iceblast (1)
Scrolls
 e - 9 scrolls of remove curse
 g - a scroll of identify
 n - 8 scrolls of teleportation
 o - 3 scrolls of magic mapping
 p - a scroll of fear
 v - 2 scrolls of amnesia
 x - a scroll of immolation
 E - 3 scrolls of fog
 G - 2 scrolls of torment
 M - 2 scrolls of vulnerability
 P - a scroll of noise
Potions
 c - a potion of haste
 i - 2 potions of stabbing
 j - 5 potions of mutation
 B - 5 potions of lignification
 F - 2 potions of flight
 L - a potion of brilliance
 Q - a potion of might
 R - a potion of magic
Miscellaneous
 J - a phial of floods


   Skills:
 * Level 15.8 Fighting
 * Level 7.0 Dodging
 + Level 1.6 Stealth
 + Level 12.0 Unarmed Combat
 - Level 6.0 Spellcasting
 - Level 3.0 Summonings
 - Level 10.0 Transmutations
 - Level 6.0 Ice Magic
 - Level 3.0 Poison Magic
 - Level 12.0 Invocations
 - Level 8.0 Evocations


You had 5 spell levels left.
You knew the following spells:

 Your Spells              Type           Power        Failure   Level
a - Beastly Appendage     Tmut           #####.       9%          1
b - Wereblood             Tmut           #####...     11%         2
c - Spider Form           Tmut/Pois      ####......   24%         3
d - Call Imp              Summ           ##......     36%         2
e - Ice Form              Ice/Tmut       ####....     32%         4
f - Blade Hands           Tmut           #####.....   36%         5
g - Passwall              Tmut/Erth      ###.....     24%         2
h - Blink                 Tloc           N/A          63%         2

Your spell library contained the following spells:

 Spells                   Type           Power        Failure   Level
 Freeze                   Ice            ###.         16%         1
 Frozen Ramparts          Ice            ###...       28%         3
 Ozocubu's Armour         Ice            ###.....     28%         3
 Summon Small Mammal      Summ           ##..         30%         1
 Call Canine Familiar     Summ           ##......     50%         3
 Foxfire                  Conj/Fire      #...         54%         1
 Magic Dart               Conj           #...         54%         1
 Sandblast                Erth           #.....       54%         1
 Petrify                  Tmut/Erth      ###.....     58%         4
 Corpse Rot               Necr/Air       N/A          63%         2
 Slow                     Hex            #.......     63%         2
 Sublimation of Blood     Necr           #.........   63%         2
 Summon Guardian Golem    Hex/Summ       #.......     65%         3
 Summon Ice Beast         Ice/Summ       ###.....     65%         4
 Mephitic Cloud           Conj/Pois/Air  #.......     69%         3
 Hailstorm                Conj/Ice       ##......     78%         4
 Conjure Flame            Conj/Fire      #.......     80%         3
 Inner Flame              Hex/Fire       #.......     80%         3
 Stone Arrow              Conj/Erth      #.....       80%         3
 Summon Lightning Spire   Summ/Air       #.......     91%         4
 Dispel Undead            Necr           #.......     98%         4
 Leda's Liquefaction      Hex/Erth       #.........   98%         4
 Sticky Flame             Conj/Fire      #.......     98%         4
 Agony                    Necr           #.......     100%        5
 Bolt of Magma            Conj/Fire/Erth #.........   100%        5
 Excruciating Wounds      Necr           #.........   100%        5
 Fireball                 Conj/Fire      #.........   100%        5
 Lee's Rapid Deconstruct  Erth           #.........   100%        5
 Silence                  Hex/Air        #.........   100%        5
 Statue Form              Tmut/Erth      ###......    99%         6
 Conjure Ball Lightning   Conj/Air       #.........   100%        6
 Iron Shot                Conj/Erth      #.........   100%        6
 Summon Hydra             Summ           ##........   100%        7
 Shatter                  Erth           #.........   100%        9
 Tornado                  Air            #.........   100%        9


Dungeon Overview and Level Annotations

Branches:
Dungeon (12/15)            Temple (1/1) D:4            Lair (6/6) D:10
 Shoals (0/4) Lair:4        Snake (3/4) Lair:3        Slime (0/5) Lair:5
    Orc (2/2) D:12            Elf (0/3) Orc:2

Altars:
Ashenzari
Cheibriados
Dithmenos
Elyvilon
Fedhas
Gozag
Hepliaklqana
Kikubaaqudgha
Makhleb
Nemelex Xobeh
Okawaru
Qazlal
Ru
Sif Muna
Trog
Uskayaw
Vehumet
Wu Jian
Xom
Yredelemnul
Zin
The Shining One
Beogh

Shops:
D:4 *   D:5 =   D:6 *   D:11 *   Orc:1 [   Orc:2 }:}?([}[(   Snake:1 *
Snake:3 ?

Portals:
Abyss: D:3

Annotations:
D:3 2 transporters, pulvazza's ghost, amateur DsAK
D:5 3 runed translucent doors, adozu's ghost, novice MfIE
D:6 1 runed translucent door, iles's ghost, novice OpBr
Snake:1 6 runed translucent doors, Pufomaci's ghost, adept GrBe


Innate Abilities, Weirdness & Mutations

You can walk through water.
Your dull iron-grey scales are very hard. (AC +14)
You cannot fit into any form of body armour.
You can survive without breathing.
You are cold-blooded and may be slowed by cold attacks.


Message History

Your naga warrior hits the anaconda but does no damage.
Your naga warrior grabs the anaconda.
Your naga warrior constricts the anaconda.
Your naga spits poison at the anaconda.
The splash of poison hits the anaconda!
A naga mage comes into view. It is wielding a +0 spear.
The naga hits you but does no damage. The anaconda bites you.
* * * LOW HITPOINT WARNING * * *
The anaconda constricts your naga warrior.
You slice the anaconda!!
Your tail-slap misses the anaconda.
The anaconda is almost dead.
Your guardian serpent hits the anaconda.
The anaconda closely misses you.
* * * LOW HITPOINT WARNING * * *
The anaconda constricts you.
The black mamba bites your naga but does no damage.
The adder bites your naga but does no damage.
The anaconda bites you!
You die...
Fedhas appreciates your contribution to the ecosystem. # # ## # .## ..## .
S..## NN$

##N...##
.....##NNSN..#
#...$NN@S#
##...)SS##
#.S.$NS#
..##.(.SS .
##..S. #.....
.##... ..
##... ...#


You could see 2 anacondas, 2 guardian serpents, 2 black mambas, 2 naga magi, a
naga (catching breath), an adder, a ball python, 2 friendly naga warriors, a
friendly shock serpent (summoned), a friendly guardian serpent (summoned) and 4
friendly nagas.

Vanquished Creatures
  Rupert (Orc:2)
  A nagaraja (Snake:2)
  Azrael (Snake:1)
  Snorg (Lair:5)
  4 hydras
  An ice dragon (Lair:4)
  Harold (Lair:2)
  5 naga warriors
  A centaur warrior (D:11)
  3 catoblepae (Lair:6)
  9 anacondas
  A tengu warrior (D:10)
  5 death yaks
  3 shock serpents
  6 naga sharpshooters
  A salamander mystic (Snake:2)
  4 naga ritualists
  2 orc knights (Orc:2)
  6 mana vipers
  2 orc sorcerers
  A wolf spider (D:11)
  4 cyclopes (D:11)
  A manticore (Lair:6)
  An ugly thing (D:12)
  4 salamanders
  19 black mambas
  Joseph (D:7)
  4 elephants (Lair:6)
  8 naga magi
  2 centaur skeletons
  9 cane toads
  6 komodo dragons
  3 trolls
  A hornet (D:10)
  2 polar bears
  14 blink frogs
  7 dream sheep (Lair:5)
  5 hippogriffs
  A wraith (D:9)
  A vampire (D:10)
  3 wyverns
  2 basilisks
  4 fire elementals (Snake:1)
  A vampire mosquito (D:11)
  Eustachio (D:6)
  52 yaks
  8 nagas
  11 water moccasins
  3 hell hounds (Snake:1)
  36 orc warriors
  8 porcupines
  3 sky beasts
  An ice beast (D:9)
  2 hornet zombies
  2 necrophages
  An eye of draining (D:11)
  12 ogres
  18 wolves
  2 phantoms
  13 crocodiles
  10 centaurs
  10 bullfrogs
  A gnoll sergeant (D:10)
  3 scorpions
  5 killer bees
  4 howler monkeys
  3 electric eels (Lair:4)
  A centaur zombie (D:9)
  8 lava snakes (Snake:2)
  A quasit (D:12)
  A bullfrog zombie (D:5)
  5 hounds
  9 orc priests
  4 jellies
  2 bullfrog skeletons
  5 iguanas
  14 orc wizards
  Natasha (twice) (D:2)
  5 worker ants
  A worker ant zombie (D:11)
  18 gnolls
  21 adders
  2 howler monkey skeletons
  2 shadow imps
  7 white imps
  2 ufetubi
  2 oozes
  An adder skeleton (D:4)
  An adder zombie (D:6)
  3 worms
  5 dart slugs
  4 leopard geckos
  66 orcs
  3 bats
  7 giant cockroaches
  8 hobgoblins
  3 jackals (D:3)
  3 quokkas
  3 ball pythons
  4 frilled lizards
  6 goblins
  A jackal skeleton (D:6)
  4 kobolds
  9 rats
614 creatures vanquished.

Vanquished Creatures (collateral kills)
  An orc warlord (Orc:1)
  An orc sorcerer (Orc:1)
  A manticore (Lair:6)
  2 yaks (Lair:6)
  A naga (Snake:3)
  A warg (Orc:1)
  An ogre (Orc:1)
  3 killer bees (D:7)
  4 orc wizards (Orc:1)
  6 orcs (Orc:1)
  32 ballistomycete spores
53 creatures vanquished.

Vanquished Creatures (others)
  An oklob plant (Lair:5)
  A lava snake (Snake:2)
  5 ballistomycete spores
  25 fungi
  30 plants
62 creatures vanquished.

Grand Total: 729 creatures vanquished

Notes
Turn   | Place    | Note
-------+----------+-------------------------------------------
     0 | D:1      | hairmachine the Draconian Transmuter began the quest for
                  | the Orb.
     0 | D:1      | Reached XP level 1. HP: 16/16 MP: 3/3
   249 | D:1      | Reached XP level 2. HP: 23/23 MP: 3/5
   253 | D:1      | Learned a level 2 spell: Wereblood
  1103 | D:2      | Found a blossoming altar of Fedhas.
  1122 | D:2      | Became a worshipper of Fedhas Madash
  1251 | D:2      | Found a glowing golden altar of the Shining One.
  1484 | D:2      | Reached XP level 3. HP: 28/28 MP: 6/6
  1497 | D:2      | Learned a level 3 spell: Spider Form
  1507 | D:2      | Found a snail-covered altar of Cheibriados.
  1664 | D:2      | Noticed Natasha
  1676 | D:2      | Killed Natasha
  1676 | D:2      | Reached skill level 1 in Poison Magic
  1914 | D:2      | Reached XP level 4. HP: 24/35 MP: 3/7
  2297 | D:2      | Found a shadowy altar of Dithmenos.
  2298 | D:2      | Found a sacrificial altar of Ru.
  2579 | D:2      | Noticed Natasha
  2586 | D:2      | Killed Natasha
  2705 | D:3      | Reached XP level 5. HP: 40/40 MP: 8/8
  2730 | D:3      | Reached * piety under Fedhas
  2993 | D:3      | Found a shimmering altar of Xom.
  2993 | D:3      | Found a shimmering altar of Xom.
  3019 | D:3      | Found a shimmering altar of Xom.
  3020 | D:3      | Found a shimmering altar of Xom.
  3027 | D:3      | Found a shimmering altar of Xom.
  3027 | D:3      | Found a shimmering altar of Xom.
  3041 | D:3      | Found a shimmering altar of Xom.
  3059 | D:3      | Found a faded altar of an unknown god.
  3088 | D:3      | Found an iron altar of Okawaru.
  3124 | D:3      | Found a transporter.
  3205 | D:3      | Reached skill level 5 in Unarmed Combat
  3618 | D:3      | Identified the +9 short sword of Hocog {distort, rF+ Int+2
                  | Dex-4}
  3675 | D:3      | Found a transporter.
  3677 | D:3      | Noticed pulvazza's ghost (amateur DsAK)
  3678 | D:3      | Found a one-way gate to the infinite horrors of the Abyss.
  3836 | D:4      | Found an opulent altar of Gozag.
  3836 | D:4      | Found Gozag's Platinum Reserve.
  4022 | D:4      | Reached XP level 6. HP: 21/47 MP: 9/9
  4752 | D:4      | Reached ** piety under Fedhas
  4985 | D:4      | Found a staircase to the Ecumenical Temple.
  5001 | Temple   | Entered the Ecumenical Temple
  5667 | D:4      | Found a basalt altar of Yredelemnul.
  5780 | D:4      | Reached skill level 2 in Fighting
  5845 | D:4      | Reached skill level 3 in Fighting
  5845 | D:4      | Your scales start taking on a dull iron-grey colour.
  5845 | D:4      | Reached XP level 7. HP: 57/57 MP: 7/10
  5845 | D:4      | Gained mutation: You can survive without breathing. [Grey
                  | Draconian growth]
  6252 | D:5      | Entered Level 5 of the Dungeon
  6303 | D:5      | Reached skill level 4 in Fighting
  6531 | D:5      | Reached skill level 5 in Fighting
  7001 | D:5      | Found a runed translucent gate.
  7001 | D:5      | Found a runed translucent gate.
  7001 | D:5      | Found a runed translucent gate.
  7002 | D:5      | Found an opulent altar of Gozag.
  7004 | D:5      | Noticed adozu's ghost (novice MfIE)
  7005 | D:5      | Noticed a two-headed ogre
  7245 | D:5      | Reached skill level 6 in Fighting
  7328 | D:5      | Learned a level 2 spell: Call Imp
  7379 | D:5      | Reached skill level 1 in Summonings
  7379 | D:5      | Reached XP level 8. HP: 51/70 MP: 11/11
  7858 | D:5      | Found Jin Yrapp's Jewellery Shop.
  7861 | D:5      | Bought an uncursed ring of poison resistance for 280 gold
                  | pieces
  8117 | D:6      | Reached *** piety under Fedhas
  8416 | D:6      | Found Peps's Assorted Antiques.
  8495 | D:6      | Found a runed translucent door.
  8495 | D:6      | Noticed iles's ghost (novice OpBr)
  8585 | D:6      | Noticed Eustachio
  8593 | D:6      | Killed Eustachio
  9319 | D:6      | Found a blossoming altar of Fedhas.
  9823 | D:7      | Reached skill level 5 in Transmutations
 10044 | D:7      | Noticed Joseph
 10060 | D:7      | Killed Joseph
 10060 | D:7      | Reached skill level 7 in Fighting
 10060 | D:7      | Reached XP level 9. HP: 19/79 MP: 12/15
 11603 | D:7      | Noticed a two-headed ogre
 12018 | D:8      | Learned a level 4 spell: Ice Form
 12155 | D:8      | Reached **** piety under Fedhas
 12336 | D:8      | Reached skill level 1 in Ice Magic
 12515 | D:8      | Reached skill level 8 in Fighting
 12761 | D:8      | Found a hazy altar of Hepliaklqana.
 12991 | D:9      | Reached skill level 5 in Dodging
 13682 | D:9      | Found a radiant altar of Vehumet.
 13698 | D:9      | Found a hide-covered altar of Uskayaw.
 13700 | D:9      | Found an ancient bone altar of Kikubaaqudgha.
 13773 | D:9      | Reached skill level 1 in Invocations
 13773 | D:9      | Reached skill level 1 in Evocations
 13841 | D:9      | Noticed a troll
 13864 | D:9      | Killed a troll
 13864 | D:9      | Reached XP level 10. HP: 51/88 MP: 8/16
 14780 | D:9      | Noticed an orc sorcerer
 14799 | D:9      | Killed an orc sorcerer
 15065 | D:10     | Entered Level 10 of the Dungeon
 15131 | D:10     | Upgraded the game from 0.26-a0-455-g0958c023ba to
                  | 0.26-a0-466-g989023bd0d
 15147 | D:10     | Reached skill level 5 in Ice Magic
 15484 | D:10     | HP: 2/88 [killer bee (9)]
 15489 | D:10     | HP: 3/132 [poisoned by a killer bee]
 15492 | D:10     | HP: 1/88 [poisoned by a killer bee]
 15497 | D:10     | HP: 1/88 [poisoned by a killer bee]
 15502 | D:10     | HP: 1/88 [poisoned by a killer bee]
 16367 | D:10     | Found a basalt altar of Yredelemnul.
 17749 | D:10     | Found a staircase to the Lair.
 18196 | Lair:1   | Entered Level 1 of the Lair of Beasts
 18327 | Lair:1   | Reached XP level 11. HP: 75/94 MP: 17/17
 19487 | Lair:2   | Reached skill level 5 in Invocations
 19824 | Lair:2   | Found a gate leading to a gauntlet.
 19909 | Lair:2   | Reached skill level 10 in Unarmed Combat
 20767 | Lair:2   | Noticed Harold
 21439 | Lair:2   | Killed Harold
 21715 | Lair:3   | Learned a level 5 spell: Blade Hands
 22079 | Lair:3   | Found a staircase to the Snake Pit.
 22113 | Lair:3   | Noticed a five-headed hydra
 22136 | Lair:3   | Killed a five-headed hydra
 22574 | Lair:3   | Reached skill level 5 in Spellcasting
 22587 | Lair:3   | Reached skill level 9 in Fighting
 22871 | Lair:3   | Reached XP level 12. HP: 104/104 MP: 17/19
 22988 | Lair:3   | Noticed a four-headed hydra
 23006 | Lair:3   | Killed a four-headed hydra
 24183 | Lair:4   | Reached skill level 10 in Fighting
 24503 | Lair:4   | Found a staircase to the Shoals.
 25385 | Lair:4   | Noticed an ice dragon
 25401 | Lair:4   | Killed an ice dragon
 25881 | Lair:5   | Reached ***** piety under Fedhas
 25887 | Lair:5   | Reached skill level 11 in Fighting
 26254 | Lair:5   | Found a staircase to the Slime Pits.
 26271 | Lair:5   | Noticed Snorg
 26311 | Lair:5   | Killed Snorg
 27298 | Lair:6   | Entered Level 6 of the Lair of Beasts
 27298 | Lair:6   | Noticed a five-headed hydra
 27573 | Lair:6   | Noticed a death yak
 28153 | Lair:5   | Killed a death yak
 28239 | Lair:6   | Reached skill level 10 in Transmutations
 28359 | Lair:6   | Killed a five-headed hydra
 28367 | Lair:6   | Reached XP level 13. HP: 80/117 MP: 16/22
 28582 | Lair:6   | Reached skill level 12 in Fighting
 30342 | Lair:6   | Reached skill level 13 in Fighting
 30809 | Lair:6   | Reached skill level 10 in Invocations
 32114 | Lair:6   | Identified the Grimoire of Companions
 32337 | D:10     | Learned a level 2 spell: Passwall
 34058 | D:10     | Reached skill level 14 in Fighting
 34816 | D:11     | Found Risch's General Store.
 34824 | D:11     | Bought a potion of might for 52 gold pieces
 34824 | D:11     | Bought a wand of acid (9) for 338 gold pieces
 34914 | D:12     | Found a staircase to the Orcish Mines.
 35087 | D:12     | Reached XP level 14. HP: 125/132 MP: 18/23
 35220 | Orc:1    | Entered Level 1 of the Orcish Mines
 35284 | Orc:1    | Found Tumainol's Armour Shop.
 35469 | Orc:1    | Noticed an orc warlord
 35595 | Orc:1    | Killed an orc warlord
 36372 | Orc:2    | Entered Level 2 of the Orcish Mines
 36514 | Orc:2    | Found a staircase to the Elven Halls.
 36677 | Orc:2    | Found Xaikhles's Gadget Boutique.
 36679 | Orc:2    | Reached skill level 5 in Evocations
 36912 | Orc:2    | Found Gatoul's Gadget Boutique.
 36912 | Orc:2    | Found Qeso Gix's Book Shoppe.
 37042 | Orc:2    | Found a roughly hewn altar of Beogh.
 37373 | Orc:2    | Noticed Rupert
 37407 | Orc:2    | Paralysed by Rupert for 7 turns
 37415 | Orc:2    | Killed Rupert
 39468 | Orc:2    | Found Megamyisme's Magic Scroll Shoppe.
 39469 | Orc:2    | Found Ipuifirch's Weapon Boutique.
 39480 | Orc:2    | Bought a scroll of teleportation for 42 gold pieces
 39480 | Orc:2    | Bought a scroll of teleportation for 42 gold pieces
 40469 | Orc:2    | Found Mefeiss's Weapon Emporium.
 40482 | Orc:2    | Found Gaawnat's Armour Shoppe.
 40482 | Orc:2    | Found Qaemni's Gadget Shop.
 40484 | Orc:2    | Found Odoil's Antique Armour Boutique.
 40509 | Orc:2    | Bought a +0 pair of boots for 67 gold pieces
 40786 | Snake:1  | Entered Level 1 of the Snake Pit
 40915 | Snake:1  | HP: 6/132 [naga mage/poison arrow (19)]
 41842 | Snake:1  | Learned a level 2 spell: Blink
 42505 | Snake:1  | Found Heaqucwu's Assorted Antiques.
 42545 | Snake:1  | Found a runed translucent gate.
 42545 | Snake:1  | Found a runed translucent gate.
 42545 | Snake:1  | Found a runed translucent gate.
 42546 | Snake:1  | Noticed Pufomaci's ghost (adept GrBe)
 42659 | Snake:1  | Noticed Azrael
 42682 | Snake:1  | Killed Azrael
 42938 | Snake:1  | Reached skill level 15 in Fighting
 43136 | Snake:1  | Bought a potion of curing for 87 gold pieces
 43136 | Snake:1  | Bought a scroll of enchant armour for 217 gold pieces
 43136 | Snake:1  | Bought a potion of curing for 87 gold pieces
 43136 | Snake:1  | Bought a sapphire potion for 26 gold pieces
 43263 | Snake:1  | Found a runed translucent gate.
 43263 | Snake:1  | Found a runed translucent gate.
 43263 | Snake:1  | Found a runed translucent gate.
 44305 | Snake:1  | Reached XP level 15. HP: 61/141 MP: 21/24
 44619 | Snake:2  | Noticed a nagaraja
 44922 | Snake:2  | Killed a nagaraja
 47542 | Snake:2  | Reached skill level 1 in Stealth
 48550 | Snake:3  | Found Ihanef's Magic Scroll Boutique.
 49033 | Snake:3  | HP: 5/143 [anaconda (6)]
 49034 | Snake:3  | Mangled by an anaconda

Illustrated notes

Levels and vault maps discovered:
D:1:      kilobyte_arrival_exit_the_forest, layout_rooms
D:2:      cheibrodos_old_hovel, layout_loops_ring,
          lemuel_coloured_pillars_altar, kennysheep_slug_shrine,
          gammafunk_temple_overflow_statue, tso_metal_star, uniq_natasha
D:3:      layout_loops_ring, okawaru_gym_becter, gammafunk_ghost_abyssal_escape,
          chequers_ecumenical_altar_simple_redux, nicolae_xom_altar_mimics
D:4:      wander_river, layout_layer_cave, lemuel_round_altar,
          nicolae_gozag_zags_fifth_avenue, minmay_temple_entry_offerings,
          gup_sewer_entry_bowl
D:5:      layout_layer_cave, ebering_ghost_gozag, serial_shops,
          nicolae_shop_behind_doors
D:6:      layout_basic, serial_shops, shop_statue,
          hellmonk_ghost_happy_afterlife, fedhas_altar_4, uniq_eustachio
D:7:      layout_gridville, hex_medium, uniq_joseph
D:8:      layout_rooms, marbit_many_paths
D:9:      cheibrodos_wizards_tower, layout_rooms, vehumet_altar_wand_db,
          chequers_temple_overflow_statue_of_worship, minmay_splitting_lines,
          st_stairs_1
D:10:     layout_long_grid, grunt_lair_entry_orc_guard_hut, basic_altar,
          minmay_quadrilaterals
D:11:     layout_loops_ring, serial_shops, nicolae_shop_stone, minivault_28
D:12:     layout_long_grid, orc_david_3, lightli_fourway_metalbox
Temple:   dpeg_chambers_temple
Lair:1:   layout_loops_ring, lemuel_fruit_tree
Lair:2:   layout_cellular_growth, gauntlet_entry_generic, grunt_megastairs_1,
          uniq_harold
Lair:3:   layout_loops_ring, minmay_snake_entry_six_corridors,
          serial_bayou_pond_c, lemuel_old_faithful
Lair:4:   dragon1_lemuel, layout_misc_corridors, elwin_shoals_entry_rocks,
          fungi_pond_lemuel, serial_bayou_shore_b, serial_bayou_shore_b,
          minmay_lair_oklob_chamber
Lair:5:   layout_cave_pods, minmay_slime_entry_oklob_open, uniq_snorg
Lair:6:   evilmike_catoblepas_cave, layout_big_grid, serial_bayou_shore_a
Snake:1:  layout_misc_corridors, serial_shops, nicolae_shop_trees,
          ebering_ghost_rock_garden, st_stairs_1, nicolae_snake_double_loop,
          library_closet, grunt_ministairs_9, nicolae_snake_horde_hoard,
          uniq_azrael
Snake:2:  layout_cave_pods, nicolae_snake_lava_pool
Snake:3:  layout_concentric_octagons, serial_shops, shop,
          hangedman_snake_corridor_cut
Orc:1:    layout_diamond_mine, serial_shops, nicolae_shop_stone
Orc:2:    st_orc_rangers, layout_caves, serial_shops, shop, shop,
          nicolae_shop_crystal, shop, shop, basic_altar, uniq_rupert

Skill      XL: |  1  2  3  4  5  6  7  8  9 10 11 12 13 14 15 |
---------------+----------------------------------------------+-----
Unarmed Combat | 4 5 6 9 10 11 12 | 12.0
Poison Magic   | 1 2 3 |  3.0
Transmutations | 3 4 5 6 7 10 | 10.0
Fighting       | 3 6 7 8 9 11 14 15 | 15.8
Summonings     | 1 3 |  3.0
Spellcasting   | 4 5 6 |  6.0
Dodging        | 3 5 7 |  7.0
Ice Magic      | 4 6 |  6.0
Invocations    | 1 4 8 11 12 | 12.0
Evocations     | 1 4 8 |  8.0
Stealth        | 1 |  1.6

Action                   |  1- 3 |  4- 6 |  7- 9 | 10-12 | 13-15 || total
-------------------------+-------+-------+-------+-------+-------++-------
Melee: Unarmed           |    87 |   186 |   472 |   696 |   694 ||  2135
       Headbutt          |     6 |     5 |    15 |    64 |     2 ||    92
       Kick              |     5 |    11 |    20 |    81 |       ||   117
       Tailslap          |    10 |    16 |    59 |    76 |    97 ||   258
       Punch             |       |     4 |     9 |    23 |    36 ||    72
Throw: Dart              |     3 |    18 |     2 |     5 |     3 ||    31
 Cast: Beastly Appendage |    11 |    12 |     7 |    27 |     1 ||    58
       Wereblood         |     1 |     5 |     8 |     5 |       ||    19
       Spider Form       |       |     4 |     7 |     8 |       ||    19
       Call Imp          |       |       |     6 |     8 |     4 ||    18
       Ice Form          |       |       |     2 |    21 |     4 ||    27
       Blade Hands       |       |       |       |     6 |   110 ||   116
       Passwall          |       |       |       |       |     2 ||     2
Invok: Grow Ballistomyce |       |       |     1 |     6 |     6 ||    13
       Grow Oklob        |       |       |       |       |     4 ||     4
 Abil: End Transformatio |       |       |       |     1 |       ||     1
Evoke: Wand              |       |       |     1 |     7 |     5 ||    13
       Phial of floods   |       |       |       |     1 |       ||     1
  Use: Scroll            |       |     5 |     8 |    12 |     9 ||    34
       Potion            |       |     1 |     2 |     5 |    11 ||    19
 Stab: Sleeping          |       |       |     1 |     1 |       ||     2
       Confused          |       |       |       |     2 |       ||     2
       Paralysed         |       |       |       |       |     5 ||     5
Armor: Skin              |    13 |    28 |   188 |   166 |   219 ||   614
Dodge: Dodged            |    49 |   115 |   416 |   445 |   479 ||  1504
Block: Other             |       |       |       |       |   143 ||   143
       Reflection        |       |       |       |       |    34 ||    34

Table legend: (Time is in decaauts)
 A = Elapsed time spent in this place.
 B = Non-inter-level travel time spent in this place.
 C = Inter-level travel time spent in this place.
 D = Time resting spent in this place.
 E = Time spent auto-exploring this place.
 F = Levels seen in this place.
 G = Mean time per level.
                   A        B        C        D        E       F      G
               +--------+--------+--------+--------+--------+-----+--------+
         Total |  48852 |  44122 |   4730 |  24658 |   7924 |  24 | 2035.5 |
       Dungeon |  20878 |  19111 |   1767 |   9201 |   4472 |  12 | 1739.8 |
        Temple |    195 |    186 |      9 |      0 |    185 |   1 |  195.0 |
          Lair |  15024 |  13246 |   1778 |   7685 |   2452 |   6 | 2504.0 |
     Snake Pit |   7320 |   6708 |    612 |   4451 |    328 |   3 | 2440.0 |
  Orcish Mines |   5432 |   4868 |    564 |   3320 |    487 |   2 | 2716.0 |
               +--------+--------+--------+--------+--------+-----+--------+

Top non-repeatable levels by time:
 Snake:1: 4056 daAuts
  Lair:6: 3443 daAuts
   Orc:1: 3222 daAuts
  Lair:3: 3206 daAuts
 Snake:2: 3013 daAuts
    D:10: 2912 daAuts
  Lair:5: 2730 daAuts
   Orc:2: 2210 daAuts
     D:8: 2172 daAuts
  Lair:4: 2149 daAuts
     D:9: 2053 daAuts
     D:4: 2029 daAuts
    D:11: 1966 daAuts
     D:6: 1958 daAuts
  Lair:2: 1899 daAuts
